 Dungeon Crawl Stone Soup version 0.21-a0-71-g5e5ddd2 (webtiles) character file.

7165 xgamer67 the Cleaver (level 11, -9/54 HPs)
             Began as a Vine Stalker Berserker on June 20, 2017.
             Was a Priest of Trog.
             Mangled by an orc warrior
             ... wielding a +0 dire flail
              (25 damage)
             ... on level 1 of the Orcish Mines.
             The game lasted 00:17:13 (2391 turns).

xgamer67 the Cleaver (Vine Stalker Berserker)       Turns: 2391, Time: 00:17:13

Health: -9/54      AC: 11    Str: 23    XL:     11   Next: 11%
Magic:  0/12       EV:  7    Int:  7    God:    Trog [***...]
Gold:   405        SH:  0    Dex: 14    Spells: 10/10 levels left

rFire    . . .     SeeInvis .   a - +0 battleaxe
rCold    . . .     Gourm    .   (shield currently unavailable)
rNeg     . . .     Faith    .   f - +0 plate armour
rPois    .         Spirit   +   (no helmet)
rElec    .         Reflect  .   (no cloak)
rCorr    +         Harm     .   (no gloves)
MR       +++..                  (no boots)
Stlth    ..........             (no amulet)
HPRegen  1.58/turn              p - ring of resist corrosion
MPRegen  0.13/turn              (no ring)

@: berserk cooldown, very slightly contaminated, regenerating, slowed,
invisible, very slow
A: fangs 3, regeneration 1, magic shield, antimagic bite, no potion heal 3, rot
immunity
a: Berserk, Trog's Hand, Burn Spellbooks, Renounce Religion


You were on level 1 of the Orcish Mines.
You worshipped Trog.
Trog was most pleased with you.
You were very hungry.

You visited 2 branches of the dungeon, and saw 14 of its levels.

You collected 405 gold pieces.

Inventory:

Hand Weapons
 a - a +0 battleaxe (weapon)
 m - a +1 hand axe
Missiles
 j - 6 javelins (quivered)
Armour
 f - a +0 plate armour (worn)
Jewellery
 p - a ring of resist corrosion (left hand)
Wands
 d - a wand of random effects (34/48)
Scrolls
 g - 3 scrolls of remove curse
 h - a scroll of amnesia
 t - a scroll of enchant weapon
Potions
 b - a potion of degeneration
 e - 4 potions of curing
 i - a potion of flight
 n - a potion of haste
 r - a potion of brilliance
Books
 s - a book of Battle

   Spells                             Type                      Level
   a - Infusion                       Charms                       1
   b - Shroud of Golubria             Charms/Translocation         2
   c - Song of Slaying                Charms                       2
   d - Spectral Weapon                Hexes/Charms                 3
   e - Regeneration                   Charms/Necromancy            3
   Trog disapproves of the use of such an item.
Comestibles
 c - a bread ration
 k - 3 chunks of flesh
 l - a meat ration
 q - a royal jelly


   Skills:
 + Level 4.4 Fighting
 * Level 14.1 Axes
 + Level 3.3 Armour
 - Level 1.5 Dodging


You had 10 spell levels left.
You didn't know any spells.

Dungeon Overview and Level Annotations

Branches:
Dungeon (13/15)               Orc (1/2) D:12
 Temple: D:4-7         Lair: D:8-11      Vaults: D:13-14

Altars:
Cheibriados
Fedhas
Makhleb
Trog

Shops:
D:9 [


Innate Abilities, Weirdness & Mutations

You have razor-sharp teeth.
Your natural rate of healing is unusually fast.
When hurt, damage is shared between your health and your magic reserves.
Your bite disrupts and absorbs the magic of your enemies.
Potions cannot restore your health.
You are immune to rotting.


Message History

The two-headed ogre hits you with a giant club!
You slice the two-headed ogre!!
You kill the two-headed ogre!
Trog accepts your kill.
You are too berserk!
You feel a strong urge to attack something.
You are no longer berserk.
You are exhausted.
You feel yourself slow down.
Your skin crawls.
You feel resistant to hostile enchantments.
You are feeling very hungry.
You fade into invisibility!
You are very lightly contaminated with residual magic.
An orc wizard comes into view. It is wielding a dagger of speed.
The orc wizard shouts!
The orc knight hits you with an enchanted great sword!
* * * LOW HITPOINT WARNING * * *
The orc warrior hits you with a dire flail!!
You die...

##.#####...#.#.....#.#
#...#.##..#...........
#.........##.....>....
##.....#.#####........
##......#.##.#.#.....
##............###)...
#.....#.......#<.....
##.....#......#)....).
#....@.......###......
##...oo......# ##.#...
##..........# #...#.#
#)))....#..## ##.####
#.))........ ### #
#...........
..........#$
##...oo.....
...>.......


You could see an orc knight, an orc warrior, an orc wizard (wandering) and an
orc (wandering).

Vanquished Creatures
  An ogre mage (Orc:1)
  A centaur warrior (D:11)
  2 two-headed ogres
  Pikel (D:6)
  2 centaur zombies (D:12)
  A komodo dragon (D:12)
  A centaur skeleton (D:12)
  2 trolls (Orc:1)
  A water moccasin (D:12)
  A sky beast (D:6)
  3 orc warriors
  2 phantoms
  2 ice beasts (D:6)
  2 slaves (D:6)
  5 ogres
  3 centaurs
  3 bullfrogs
  A gnoll sergeant (D:7)
  A scorpion (D:6)
  2 crimson imps
  A bullfrog zombie (D:5)
  A hound (D:11)
  2 jellies
  3 orc priests
  2 worker ants (D:4)
  4 orc wizards
  A hound zombie (D:7)
  5 gnolls (D:7)
  4 adders
  A shadow imp (D:11)
  An adder skeleton (D:4)
  A worm (D:2)
  A dart slug (D:1)
  2 leopard geckos
  10 orcs
  A ball python (D:4)
  2 giant cockroaches
  2 hobgoblins (D:2)
  2 jackals
  2 quokkas
  10 bats
  3 frilled lizards
  2 kobolds (D:2)
  2 rats (D:3)
102 creatures vanquished.

Notes
Turn   | Place    | Note
-------+----------+-------------------------------------------
     0 | D:1      | xgamer67 the Vine Stalker Berserker began the quest for the Orb.
     0 | D:1      | Reached XP level 1. HP: 11/11 MP: 2/2
    85 | D:2      | Reached skill level 3 in Axes
   126 | D:2      | Reached XP level 2. HP: 16/16 MP: 3/3
   293 | D:2      | Reached XP level 3. HP: 15/19 MP: 2/4
   432 | D:3      | Found a burning altar of Makhleb.
   432 | D:3      | Found a snail-covered altar of Cheibriados.
   433 | D:3      | Found a blossoming altar of Fedhas.
   483 | D:3      | Reached skill level 4 in Axes
   546 | D:4      | Reached ** piety under Trog
   622 | D:4      | Gained mutation: Your natural rate of healing is unusually fast. [Vine Stalker growth]
   622 | D:4      | Reached XP level 4. HP: 15/23 MP: 3/5
   702 | D:5      | Entered Level 5 of the Dungeon
   719 | D:5      | Reached skill level 5 in Axes
   725 | D:6      | Noticed an ogre
   732 | D:6      | Killed an ogre
   732 | D:6      | Reached XP level 5. HP: 27/27 MP: 6/6
   735 | D:6      | Reached skill level 6 in Axes
   735 | D:6      | Reached XP level 6. HP: 32/32 MP: 7/7
   841 | D:6      | Noticed a phantom
   890 | D:6      | Killed a phantom
   920 | D:6      | Reached skill level 7 in Axes
   920 | D:6      | Reached XP level 7. HP: 35/35 MP: 6/8
   925 | D:6      | Noticed Pikel
   968 | D:6      | Killed Pikel
   968 | D:6      | Reached skill level 8 in Axes
   968 | D:6      | Gained mutation: You have razor-sharp teeth. [Vine Stalker growth]
   968 | D:6      | Reached XP level 8. HP: 12/39 MP: 9/9
   994 | D:6      | Found a bloodstained altar of Trog.
  1181 | D:6      | Reached skill level 9 in Axes
  1398 | D:7      | Reached skill level 10 in Axes
  1566 | D:8      | Reached XP level 9. HP: 39/43 MP: 10/10
  1603 | D:9      | Found Eroinu Buena's Antique Armour Boutique.
  1625 | D:10     | Entered Level 10 of the Dungeon
  1767 | D:11     | Reached skill level 11 in Axes
  1892 | D:11     | Noticed a centaur warrior
  1904 | D:11     | Killed a centaur warrior
  1904 | D:11     | Reached *** piety under Trog
  1946 | D:12     | Reached skill level 12 in Axes
  1951 | D:12     | Noticed a two-headed ogre
  1958 | D:12     | Noticed a komodo dragon
  1961 | D:12     | Killed a two-headed ogre
  1961 | D:12     | Reached XP level 10. HP: 47/47 MP: 11/11
  1988 | D:11     | Noticed a green ugly thing
  1995 | D:12     | Reached skill level 13 in Axes
  2208 | D:12     | Found a staircase to the Orcish Mines.
  2230 | Orc:1    | Entered Level 1 of the Orcish Mines
  2371 | Orc:1    | Noticed an ogre mage
  2372 | Orc:1    | Noticed a two-headed ogre
  2382 | Orc:1    | Noticed an orc knight
  2383 | Orc:1    | Killed an ogre mage
  2383 | Orc:1    | Reached skill level 14 in Axes
  2383 | Orc:1    | Reached XP level 11. HP: 53/53 MP: 12/12
  2384 | Orc:1    | Killed a two-headed ogre
  2391 | Orc:1    | Mangled by an orc warrior

Vault maps used:
D:1:      onia_arrival_mini_spirals, minmay_pentomino_z2
D:2:      kennysheep_ying_yang, grunt_decor_mini_mirrors, minivault_19,
          hex_tiny, kennysheep_generic_room_8
D:3:      gammafunk_temple_overflow_forgotten, first_bread,
          kennysheep_generic_room_5
D:4:      serial_bayou_ford_a, minmay_guarded_unrand_vampires_tooth
D:5:      minmay_temple_entry_statues_pillars, grunt_gozag_breadcrumbs,
          uniq_blork_the_orc
D:6:      bloody_trog, uniq_pikel, uniq_crazy_yiuf_cottage
D:7:      basic_altar
D:8:      lair_entry_dummy, uniq_prince_ribbit1, uniq_psyche
D:9:      serial_shops, kennysheep_mini_moat
D:12:     minmay_blocking_statues
D:13:     hangedman_fish_farm, kennysheep_small_square, uniq_sonja
Orc:1:    basic_altar, minmay_orc_keep

Skill      XL: |  1  2  3  4  5  6  7  8  9 10 |
---------------+-------------------------------+-----
Axes           | 3 4 5 6 7 8 10 12 14 | 14.1
Fighting       | 4 |  4.4
Armour         | 3 |  3.3
Dodging        | |  1.5

Action                   |  1- 3 |  4- 6 |  7- 9 | 10-12 || total
-------------------------+-------+-------+-------+-------++-------
Melee: Hand axe          |    82 |    54 |   125 |       ||   261
       Bite              |    23 |    20 |    52 |    31 ||   126
       Battleaxe         |       |       |    23 |    62 ||    85
Invok: Berserk           |     5 |     2 |     8 |     4 ||    19
       Trog's Hand       |       |       |     2 |     1 ||     3
  Use: Potion            |       |       |     2 |     1 ||     3
       Scroll            |       |       |    10 |       ||    10
 Stab: Invisible         |       |       |    10 |       ||    10
  Eat: Chunk             |     3 |     3 |    10 |     5 ||    21
       Royal jelly       |       |       |     1 |       ||     1
Armor: Animal skin       |     2 |       |       |       ||     2
       Chain mail        |    28 |    31 |    52 |       ||   111
       Plate armour      |       |       |    13 |    33 ||    46
Dodge: Dodged            |    49 |    27 |    62 |    15 ||   153
